 Dungeon Crawl Stone Soup version 0.29-a0-330-g52719c12eb (webtiles) character file.

Game seed: 16026575059837331208

2942 Pichade the Fighter (level 9, -5/82 HPs)
             Began as a Minotaur Fighter on Apr 30, 2022.
             Slain by a cyan ugly thing (16 damage)
             ... on level 9 of the Dungeon.
             The game lasted 00:46:21 (6878 turns).

Pichade the Fighter (Minotaur Fighter)              Turns: 6878, Time: 00:46:21

Health: -5/82      AC: 14    Str: 25    XL:     9   Next: 51%
Magic:  8/8        EV:  6    Int:  5    God:
Gold:   442        SH: 12    Dex: 10    Spells: 8/8 levels left

rFire   + . .      SeeInvis .   x - +3 war axe
rCold   x . .      Faith    .   z - +2 kite shield
rNeg    . . .      Spirit   .   B - +0 plate armour
rPois   .          Reflect  .   (helmet restricted)
rElec   .          Harm     .   (no cloak)
rCorr   .          Rampage  .   (no gloves)
Will    .....                   (no boots)
Stlth   ..........              n - amulet of regeneration
HPRegen 1.03/turn               g - ring of fire
MPRegen 0.11/turn               w - ring of flight

@: mighty, flying, hasted, very quick
A: horns 2, retaliatory headbutt
a: no special abilities


You were on level 9 of the Dungeon.
You visited 1 branch of the dungeon, and saw 9 of its levels.

You collected 502 gold pieces.
You spent 60 gold pieces at shops.

Inventory:

Hand Weapons
 c - a +4 dire flail
 m - a +2 whip of venom
 r - a +1 dagger of venom
 x - a +3 war axe (weapon)
Missiles
 y - 24 poisoned darts (quivered)
 A - 4 javelins
Armour
 z - a +2 kite shield (worn)
 B - a +0 plate armour (worn)
Jewellery
 b - a +4 ring of evasion
 g - a ring of fire (left hand)
 n - an amulet of regeneration (around neck)
 q - a ring of ice
 w - a ring of flight (right hand)
Wands
 a - a wand of flame (4)
Scrolls
 h - a scroll of fog
 o - 6 scrolls of blinking {unknown}
 p - a scroll of enchant weapon {unknown}
 u - 3 scrolls of teleportation {unknown}
 C - a scroll of enchant armour {unknown}
 D - a scroll of identify
Potions
 d - a potion of might
 f - 4 potions of cancellation
 j - 2 potions of brilliance
 l - a potion of degeneration
 s - a potion of flight
 t - 2 potions of attraction
 v - 2 potions of haste


   Skills:
 + Level 8.8 Fighting
 + Level 8.3 Axes
 + Level 8.8 Armour
 + Level 8.7 Shields


You had 8 spell levels left.
You didn't know any spells.
Your spell library contained the following spells:

 Spells                   Type           Power      Damage    Failure   Level
 Beastly Appendage        Tmut           0%         N/A       100%        1
 Pain                     Necr           0%         1d4       100%        1
 Wereblood                Tmut           0%         N/A       100%        2
 Spider Form              Tmut/Pois      0%         N/A       100%        3
 Agony                    Necr           0%         N/A       100%        5
 Excruciating Wounds      Necr           0%         N/A       100%        5


Dungeon Overview and Level Annotations

Branches:
Dungeon (8/15)             Temple (0/1) D:5
   Lair: D:8-11

Altars:
Ashenzari
Cheibriados
Elyvilon
Fedhas
Ru
Wu Jian
Yredelemnul

Shops:
D:1 ?   D:3 =   D:6 *

Annotations:
D:3 1 runed translucent door, Alarak's ghost, amateur HOMo


Innate Abilities, Weirdness & Mutations

You have a pair of horns on your head.
You reflexively headbutt those who attack you in melee.


Message History

You closely miss the cyan ugly thing.
The cyan ugly thing is lightly wounded.
You completely miss the orc wizard.
The cyan ugly thing pecks you but does no damage.
The orc wizard hits you but does no damage.
You slash the cyan ugly thing!
The cyan ugly thing is heavily wounded.
You slash the orc wizard! You block the cyan ugly thing's attack.
The orc wizard hits you but does no damage.
The cyan ugly thing pecks you! The cyan ugly thing shocks you!
You barely miss the cyan ugly thing.
Your headbutt misses the cyan ugly thing.
The cyan ugly thing is moderately wounded.
You barely miss the orc wizard.
The orc wizard hits you but does no damage.
The cyan ugly thing pecks you. The cyan ugly thing shocks you!
The orc wizard barely misses you.
You feel better. The cyan ugly thing pecks you. The cyan ugly thing shocks you!
You block the orc wizard's attack.
You feel yourself speed up. The cyan ugly thing pecks you.
The cyan ugly thing shocks you!
* * * LOW HITPOINT WARNING * * *
You block the orc wizard's attack.
Unknown command.
You feel much better.
Read: scroll of holy word
Press: ? - help, Q - select action, (/) - cycle Dir - look around, f - activate Look: a cyan ugly thing (grey smoke, moderately wounded, not susceptible)
As you read the scroll of holy word, it crumbles to dust.
You speak a Word of immense power!
The cyan ugly thing pecks you! The cyan ugly thing shocks you!
* * * LOW HITPOINT WARNING * * *
You barely miss the cyan ugly thing.
The cyan ugly thing is moderately wounded.
You slash the cyan ugly thing! You headbutt the cyan ugly thing!
The cyan ugly thing is almost dead.
The cyan ugly thing pecks you.
* * * LOW HITPOINT WARNING * * *
The cyan ugly thing shocks you!
You die...

. #o..# #.
#u#..#
#.##.##.##
#.§o§§...#
###§o##.....
#§## .###.
#o# ##u#
#@§# ####


You could see a cyan ugly thing and an orc wizard.

Vanquished Creatures
  A hornet (D:7)
  Menkaure (D:5)
  A water moccasin (D:5)
  2 orc warriors
  2 ice beasts
  A sky beast (D:7)
  2 black bears
  2 ogres
  3 centaurs
  A phantom (D:5)
  2 kobold brigands (D:7)
  A bullfrog (D:8)
  A necrophage (D:6)
  5 scorpions (D:6)
  3 wights (D:8)
  3 hounds
  4 orc priests
  6 orc wizards
  2 iguanas (D:7)
  4 gnolls (D:7)
  7 adders
  2 river rats (D:3)
  2 ufetubi
  5 worms
  2 dart slugs
  29 orcs
  8 endoplasms
  6 giant cockroaches
  2 goblins
  5 hobgoblins
  6 jackals
  5 quokkas
  9 ball pythons
  3 bats
  A frilled lizard (D:1)
  16 kobolds
  8 rats
163 creatures vanquished.

Notes
Turn   | Place    | Note
-------+----------+-------------------------------------------
     0 | D:1      | Pichade the Minotaur Fighter began the quest for the Orb.
     0 | D:1      | Reached XP level 1. HP: 19/19 MP: 0/0
   165 | D:1      | Found a faded altar of an unknown god.
   173 | D:1      | Found Haps's Magic Scroll Shoppe.
   181 | D:1      | Reached XP level 2. HP: 24/27 MP: 1/1
   794 | D:2      | Reached XP level 3. HP: 24/33 MP: 2/2
  1317 | D:2      | Reached XP level 4. HP: 39/40 MP: 3/3
  1528 | D:1      | Bought a scroll of identify for 20 gold pieces
  1528 | D:1      | Bought a scroll of identify for 20 gold pieces
  1528 | D:1      | Bought a scroll of identify for 20 gold pieces
  1673 | D:3      | Found a sacrificial altar of Ru.
  1811 | D:3      | Found Yjysiv's Jewellery Shoppe.
  1935 | D:3      | Found a glowing drain.
  1944 | D:3      | Reached XP level 5. HP: 43/47 MP: 4/4
  2110 | D:3      | Found a runed translucent door.
  2111 | D:3      | Noticed Alarak's ghost (amateur HOMo)
  2225 | D:3      | Reached skill level 5 in Fighting
  2225 | D:3      | Reached skill level 5 in Armour
  2225 | D:3      | Reached skill level 5 in Shields
  2686 | D:4      | Reached XP level 6. HP: 56/56 MP: 5/5
  2811 | D:4      | Found a white marble altar of Elyvilon.
  3801 | D:5      | Entered Level 5 of the Dungeon
  3852 | D:5      | Found a broken altar of Ashenzari.
  3878 | D:5      | Reached XP level 7. HP: 61/62 MP: 6/6
  3899 | D:5      | Reached skill level 5 in Axes
  3916 | D:5      | Found a staircase to the Ecumenical Temple.
  3976 | D:5      | Noticed Menkaure
  3995 | D:5      | Killed Menkaure
  4432 | D:6      | Found Pivvipyn's Gadget Gallery.
  4530 | D:6      | Reached XP level 8. HP: 65/71 MP: 7/7
  5055 | D:6      | Found a snail-covered altar of Cheibriados.
  5485 | D:7      | Noticed a hornet
  5493 | D:7      | Paralysed by a hornet for 1 turns
  5494 | D:7      | Killed a hornet
  5495 | D:7      | Reached XP level 9. HP: 75/81 MP: 8/8
  6023 | D:7      | Found a basalt altar of Yredelemnul.
  6320 | D:8      | Found an ornate altar of the Wu Jian Council.
  6343 | D:8      | Found a blossoming altar of Fedhas.
  6853 | D:8      | You are sucked into a shaft and drop 1 floor!
  6853 | D:9      | Noticed a cyan ugly thing
  6878 | D:9      | Slain by a cyan ugly thing

Illustrated notes

Levels and vault maps discovered:
D:1:      dpeg_arrival_solitude, layout_loops_ring, basic_ecumenical_altar,
          serial_shops, shop, chequers_jeans
D:2:      layout_loops_ring
D:3:      layout_rooms, nicolae_ru_awakened_eye, portal_sewer_entry_b,
          serial_shops, shop, gammafunk_ghost_grave, grunt_ministairs_15
D:4:      layout_layer_cave, mainiacjoe_overflow_chevrons
D:5:      layout_cave_pools, cheibrodos_ashenzari_chains,
          minmay_temple_entry_crystal_x, uniq_menkaure
D:6:      layout_gridville, mainiacjoe_overflow_24_doors, grunt_ministairs_9,
          nicolae_shop_gadgets
D:7:      layout_gridville, kennysheep_mini
D:8:      layout_basic, mainiacjoe_overflow_swirl
D:9:      layout_rooms, lair_entry_dummy

Skill      XL: |  1  2  3  4  5  6  7  8  9 |
---------------+----------------------------+-----
Armour         | 4 5 6 8 |  8.8
Fighting       | 4 5 6 7 8 |  8.8
Axes           | 3 4 6 7 8 |  8.3
Shields        | 4 5 6 7 8 |  8.7

Action                   |  1- 3 |  4- 6 |  7- 9 || total
-------------------------+-------+-------+-------++-------
Melee: War axe           |    89 |   118 |   197 ||   404
       Headbutt          |     7 |    19 |    34 ||    60
Evoke: Wand              |       |       |     1 ||     1
  Use: Scroll            |       |     6 |     6 ||    12
       Potion            |       |     1 |     8 ||     9
Armor: Scale mail        |    37 |    61 |    25 ||   123
       Plate armour      |       |       |    88 ||    88
Dodge: Dodged            |    35 |    41 |    47 ||   123
Block: Buckler           |    23 |    14 |       ||    37
       Kite shield       |       |     6 |   107 ||   113

Table legend: (Time is in decaauts)
 A = Elapsed time spent in this place.
 B = Non-inter-level travel time spent in this place.
 C = Inter-level travel time spent in this place.
 D = Time resting spent in this place.
 E = Time spent auto-exploring this place.
 F = Levels seen in this place.
 G = Mean time per level.
                   A        B        C        D        E       F      G
               +--------+--------+--------+--------+--------+-----+--------+
         Total |   7008 |   4644 |   2364 |      0 |   3360 |   9 |  778.7 |
       Dungeon |   7008 |   4644 |   2364 |      0 |   3360 |   9 |  778.7 |
               +--------+--------+--------+--------+--------+-----+--------+

Top non-repeatable levels by time:
     D:4: 1261 daAuts
     D:6: 1012 daAuts
     D:3: 956 daAuts
     D:7: 853 daAuts
     D:1: 841 daAuts
     D:2: 814 daAuts
     D:5: 623 daAuts
     D:8: 621 daAuts
     D:9: 24 daAuts
